 Dungeon Crawl Stone Soup version 0.31-a0-636-ge1c0e020e0 (webtiles) character file.

Game seed: 9615111370098067655

1323 jlumianski the Shield-Bearer (level 8, -1/60 HPs)
             Began as a Demonspawn Gladiator on Aug 27, 2023.
             Was an Initiate of Qazlal.
             Killed by divine providence
             ... invoked by Jeremiah
              (15 damage)
             ... on level 6 of the Dungeon.
             The game lasted 00:25:17 (5300 turns).

jlumianski the Shield-Bearer (Demonspawn Gladiator) Turns: 5300, Time: 00:25:17

Health: -1/60      AC: 23    Str: 24    XL:     8   Next: 33%
Magic:  9/9        EV:  9    Int:  9    God:    Qazlal [......]
Gold:   267        SH: 20    Dex: 18    Spells: 7/7 levels left

rFire   . . .        a - +0 war axe
rCold   . . .        h - +0 kite shield
rNeg    . . .        S - +3 chain mail of the Mackerel {Drain Str+7 Dex+3}
rPois   +            c - +0 helmet
rElec   .            (no cloak)
rCorr   .            M - +1 pair of gloves
SInv    .            (no boots)
Will    ++...        (no amulet) Stlth
                     g - +4 ring of protection
HPRegen 0.30/turn    u - ring of the Two Names {rPois Will++}
MPRegen 0.11/turn

%: no passive effects
@: no status effects
A: large bone plates 2, icemail 1, condensation shield
a: Renounce Religion


You were on level 6 of the Dungeon.
You worshipped Qazlal.
Qazlal was noncommittal.
You visited 2 branches of the dungeon, and saw 7 of its levels.

You collected 267 gold pieces.

Inventory:

Hand Weapons
 a - a +0 war axe (weapon)
 R - the +6 whip of Taxation {venom, rN+ Will- MP+9}
   (You took it off an orc on level 4 of the Dungeon)

   rN+:       It protects you from negative energy.
   Will-:     It decreases your willpower.
   MP+9:      It affects your magic capacity (+9).
Missiles
 d - 3 throwing nets
 f - 41 stones
 B - 3 poisoned darts (quivered)
 C - 2 boomerangs
Armour
 b - a +0 leather armour
 c - a +0 helmet (worn)
 h - a +0 kite shield (worn)
 v - a +1 ring mail of poison resistance
 D - a +0 scale mail
 G - a +0 chain mail
 I - an orb of guile
 M - a +1 pair of gloves (worn)
 P - the +1 leather armour of Spite {rN+++ Int-4 Dex-5 SInv}
   (You found it on level 5 of the Dungeon)

   Int-4:     It affects your intelligence (-4).
   Dex-5:     It affects your dexterity (-5).
   rN+++:     It renders you almost immune to negative energy.
   SInv:      It lets you see invisible.
 S - the +3 chain mail of the Mackerel (worn) {Drain Str+7 Dex+3}
   (You took it off an orc on level 4 of the Dungeon)

   Str+7:     It affects your strength (+7).
   Dex+3:     It affects your dexterity (+3).
   Drain:     It drains your maximum health when unequipped.
 T - a +1 hat
Magical Staves
 O - a staff of earth
Jewellery
 g - a +4 ring of protection (left hand)
 l - a +5 ring of evasion
 n - a ring of flight
 t - a +6 ring of dexterity
 u - the ring of the Two Names (right hand) {rPois Will++}
   (You found it on level 2 of the Dungeon)

   [ring of poison resistance]

   rPois:     It protects you from poison Will++: It greatly increases your
   willpower.
 w - a ring of protection from cold
 H - a ring of magical power
 N - a ring of ice
Talismans
 y - a granite talisman
Wands
 Q - a wand of flame (22)
Scrolls
 j - a scroll of blinking {unknown}
 k - a scroll of vulnerability {unknown}
 p - a scroll of poison
 q - a scroll of enchant armour {unknown}
 r - a scroll of silence {unknown}
 s - a scroll of summoning
 F - a scroll of teleportation
 J - a scroll of amnesia {unknown}
 K - a scroll of enchant weapon {unknown}
 L - a scroll of fog {unknown}
Potions
 i - a potion of invisibility
 m - 2 potions of lignification
 o - a potion of attraction
 x - 2 potions of haste {unknown}
 z - a potion of magic {unknown}
 A - a potion of degeneration {unknown}
 E - a potion of curing


   Skills:
 * Level 4.1 Fighting
 + Level 5.1 Axes
 - Level 1.8 Throwing
 + Level 2.2 Armour
 + Level 3.9 Dodging
 * Level 5.5 Shields
 * Level 2.1 Invocations
 * Level 1.6 Shapeshifting


You had 7 spell levels left.
You didn't know any spells.
Your spell library contained the following spells:

 Spells                   Type           Power      Damage    Failure   Level
 Shock                    Conj/Air       0%         1d3       99%         1
 Swiftness                Air            0%         N/A       100%        3
 Airstrike                Air            0%         2d(0-16)  100%        4
 Animate Dead             Necr           0%         N/A       100%        4
 Haunt                    Necr/Summ      0%         N/A       100%        7
 Infestation              Necr           0%         N/A       100%        8


Dungeon Overview and Level Annotations

Branches:
Dungeon (6/15)             Temple (1/1) D:5

Altars:
Cheibriados
Dithmenos
Fedhas
Gozag
Hepliaklqana
Kikubaaqudgha
Makhleb
Nemelex Xobeh
Okawaru
Qazlal
Trog
Uskayaw
Vehumet
Yredelemnul

Annotations:
D:4 exclusion: oklob plant
D:6 Jeremiah


Innate Abilities, Weirdness & Mutations

You are mostly covered in large bone plates. (SH +6)
A meltable icy envelope protects you from harm. (AC +4)
A meltable shield of frost defends you. (SH +4)


Message History

You block Jeremiah's attack.
You miss the butterfly. You hit Jeremiah.
The butterfly disappears in a burst of colours!
You block Jeremiah's attack.
You closely miss Jeremiah.
Jeremiah is severely wounded.
You closely miss the butterfly. You block Jeremiah's attack.
Jeremiah throws their arms up pleadingly.
Something smites you!
You barely miss Jeremiah.
Jeremiah is heavily wounded.
You barely miss the butterfly.
The butterfly disappears in a burst of colours!
You block Jeremiah's attack.
You slash Jeremiah!
Jeremiah is almost dead.
You barely miss the butterfly.
The butterfly disappears in a burst of colours!
Jeremiah hops!
The butterfly disappears in a burst of colours!
Jeremiah gazes at their orb, transfixed.
You slash the butterfly!
You kill the butterfly!
The butterfly disappears in a burst of colours!
You hit the butterfly.
You kill the butterfly!
The butterfly disappears in a burst of colours! x4
Jeremiah cries, "Fearful master, protect me!"
Something smites you!
The butterfly disappears in a burst of colours!
Jeremiah cries, "Fearful master, protect me!"
Something smites you!
* * * LOW HITPOINT WARNING * * *
The butterfly disappears in a burst of colours! x2
Jeremiah hops!
The butterfly disappears in a burst of colours! x4
Jeremiah cries, "Fearful master, protect me!"
Something smites you!
You die...
Jeremiah says, "O terrible one, your will is done."

## .# ..#
b.# ###..#
#######..b.#
...b..b.b.#
#F# #@# #.#
#b# #b# #b#
#.####F####


#bb.bbbb.(. #.######### #.# You could see Jeremiah.

Vanquished Creatures
  The ghost of Anonymone the Covered, an amateur MiFi (D:4)
  A steam dragon (D:5)
  Edmund (D:4)
  A water moccasin (D:5)
  An ogre (D:5)
  A scorpion (D:5)
  3 hounds
  4 orc priests (D:5)
  A gnoll bouda (D:5)
  Jessica (D:3)
  Natasha (D:2)
  3 orc wizards
  An iguana (D:5)
  6 gnolls
  12 adders
  2 ufetubi
  A worm (D:1)
  4 dart slugs (D:1)
  19 orcs
  4 bats
  5 endoplasms
  6 giant cockroaches
  6 hobgoblins
  10 jackals
  2 quokkas (D:1)
  7 ball pythons
  11 goblins
  4 kobolds
  4 rats
123 creatures vanquished.

Notes
Turn   | Place    | Note
-------+----------+-------------------------------------------
     0 | D:1      | jlumianski the Demonspawn Gladiator began the quest for the
                  | Orb.
     0 | D:1      | Reached XP level 1. HP: 16/16 MP: 1/1
    76 | D:1      | Gained mutation: A meltable shield of frost defends you.
                  | (SH +4) [demonic ancestry]
    76 | D:1      | Reached XP level 2. HP: 21/22 MP: 2/2
   690 | D:1      | Gained mutation: You are partially covered in large bone
                  | plates. (SH +4) [demonic ancestry]
   690 | D:1      | Reached XP level 3. HP: 27/27 MP: 3/3
   702 | D:1      | Reached skill level 1 in Shields
  1085 | D:2      | Reached XP level 4. HP: 33/33 MP: 4/4
  1210 | D:2      | Identified the ring of the Two Names {rPois Will++}
  1481 | D:2      | Noticed Natasha
  1495 | D:2      | Killed Natasha
  1723 | D:3      | Reached XP level 5. HP: 38/39 MP: 5/5
  1803 | D:3      | Noticed Jessica
  1808 | D:3      | Killed Jessica
  1975 | D:4      | Found a blossoming altar of Fedhas.
  2688 | D:4      | Noticed an oklob plant
  2822 | D:4      | Reached XP level 6. HP: 46/46 MP: 6/6
  2846 | D:5      | Entered Level 5 of the Dungeon
  3031 | D:4      | Noticed Edmund
  3046 | D:4      | Killed Edmund
  3047 | D:4      | Reached skill level 1 in Armour
  3675 | D:5      | Gained mutation: You are mostly covered in large bone
                  | plates. (SH +6) [demonic ancestry]
  3675 | D:5      | Reached XP level 7. HP: 28/52 MP: 7/7
  3775 | D:5      | Found a runed translucent gate.
  3775 | D:5      | Found a runed translucent gate.
  3775 | D:5      | Found a runed translucent gate.
  3784 | D:5      | Identified the +6 whip of Taxation {venom, rN+ Will- MP+9}
  3784 | D:5      | Identified the +3 chain mail of the Mackerel {Drain Str+7
                  | Dex+3}
  3785 | D:5      | Noticed Anonymone's ghost (amateur MiFi)
  3844 | D:6      | Noticed Jeremiah
  3864 | D:5      | Found an ancient bone altar of Kikubaaqudgha.
  4050 | D:5      | Noticed a steam dragon
  4060 | D:5      | Killed a steam dragon
  4218 | D:5      | Reached skill level 1 in Shapeshifting
  4252 | D:5      | Found a staircase to the Ecumenical Temple.
  4261 | Temple   | Entered the Ecumenical Temple
  4269 | Temple   | Became a worshipper of Qazlal Stormbringer
  4307 | D:5      | Identified the +1 leather armour of Spite {rN+++ Int-4
                  | Dex-5 SInv}
  4469 | D:5      | Reached skill level 1 in Invocations
  4469 | D:5      | Gained mutation: A meltable icy envelope protects you from
                  | harm. (AC +4) [demonic ancestry]
  4469 | D:5      | Reached XP level 8. HP: 56/60 MP: 8/8
  4593 | D:5      | Reached skill level 5 in Axes
  4593 | D:5      | Reached skill level 5 in Shields
  4886 | D:4      | Killed Anonymone's ghost
  5300 | D:6      | Killed from afar by Jeremiah

Illustrated notes

Levels and vault maps discovered:
D:1:      dpeg_arrival_stone_temple_mockup, layout_loops_cross,
          patterned_corridor
D:2:      layout_loops_ring, uniq_natasha
D:3:      layout_loops_cross, uniq_jessica
D:4:      layout_loops_ring, tgw_fedhas, uniq_edmund
D:5:      layout_rooms, lemuel_tele_altar, minmay_temple_entry_tees,
          biasface_ghost_orc_armoury, minmay_misc_feat_rows,
          kennysheep_generic_room_10
D:6:      layout_loops_ring, xom_teletrap_fun, mainiacjoe_overflow_brackets,
          uniq_eustachio, uniq_jeremiah
Temple:   eino_temple_lava

Skill      XL: |  1  2  3  4  5  6  7  8 |
---------------+-------------------------+-----
Dodging        | 3 |  3.9
Axes           | 3 4 5 |  5.1
Shields        | 1 2 3 4 5 |  5.5
Fighting       | 3 4 |  4.1
Armour         | 1 2 |  2.2
Shapeshifting  | 1 |  1.6
Invocations    | 1 2 |  2.1
Throwing       | |  1.8

Action                     |  1- 3 |  4- 6 |  7- 9 || total
---------------------------+-------+-------+-------++-------
  Melee: War axe           |   107 |   219 |   211 ||   537
  Throw: Dart              |       |     4 |     6 ||    10
         Javelin           |       |       |     2 ||     2
    Use: Potion            |       |     1 |     1 ||     2
         Scroll            |       |     5 |     1 ||     6
   Stab: Distracted        |     1 |       |       ||     1
         Sleeping          |     1 |       |       ||     1
 Armour: Leather armour    |    29 |    34 |       ||    63
         Scale mail        |       |    15 |       ||    15
         Chain mail        |       |    18 |    61 ||    79
         Skin              |       |       |     3 ||     3
  Dodge: Dodged            |    49 |    83 |    33 ||   165
  Block: Kite shield       |    80 |   250 |   207 ||   537

Table legend: (Time is in decaauts)
 A = Elapsed time spent in this place.
 B = Non-inter-level travel time spent in this place.
 C = Inter-level travel time spent in this place.
 D = Time resting spent in this place.
 E = Time spent auto-exploring this place.
 F = Levels seen in this place.
 G = Mean time per level.
                   A        B        C        D        E       F      G
               +--------+--------+--------+--------+--------+-----+--------+
         Total |   5570 |   5377 |    193 |    415 |   2667 |   7 |  795.7 |
       Dungeon |   5553 |   5360 |    193 |    415 |   2667 |   6 |  925.5 |
        Temple |     16 |     16 |      0 |      0 |      0 |   1 |   16.0 |
               +--------+--------+--------+--------+--------+-----+--------+

Top non-repeatable levels by time:
     D:4: 1464 daAuts
     D:5: 1409 daAuts
     D:1: 944 daAuts
     D:3: 856 daAuts
     D:2: 766 daAuts
     D:6: 111 daAuts
  Temple: 16 daAuts
